 Dungeon Crawl Stone Soup version 0.29-a0-323-g050149af67 (webtiles) character file.

Game seed: 2934748418954178517

23 chopper the Skirmisher (level 2, -7/23 (27) HPs)
             Began as a Minotaur Fighter on Apr 10, 2022.
             Mangled by Terence
             ... wielding a +4 flail of draining
              (12 damage)
             ... on level 2 of the Dungeon.
             The game lasted 00:05:57 (1178 turns).

chopper the Skirmisher (Minotaur Fighter)           Turns: 1178, Time: 00:05:57

HP:   -7/23 (27)    AC:  8    Str: 20    XL:     2   Next: 75%
MP:   0/1           EV:  9    Int:  5    God:
Gold: 146           SH:  4    Dex:  9    Spells: 1/1 levels left

rFire   . . .      SeeInvis +   a - +0 war axe
rCold   . . .      Faith    .   c - +0 buckler
rNeg    . . .      Spirit   +   b - +0 scale mail
rPois   .          Reflect  .   (helmet restricted)
rElec   .          Harm     .   f - +0 cloak
rCorr   .          Rampage  .   (no gloves)
Will    .....                   (no boots)
Stlth   ..........              m - amulet of guardian spirit
HPRegen 0.07/turn               l - ring of see invisible
MPRegen 0.07/turn               (no ring)

@: brilliant, flying, heavily drained
A: horns 2, retaliatory headbutt
a: no special abilities


You were on level 2 of the Dungeon.
You visited 1 branch of the dungeon, and saw 2 of its levels.

You collected 146 gold pieces.

Inventory:

Hand Weapons
 a - a +0 war axe (weapon)
 e - a +1 whip of venom
Armour
 b - a +0 scale mail (worn)
 c - a +0 buckler (worn)
 f - a +0 cloak (worn)
Jewellery
 l - a ring of see invisible (left hand)
 m - an amulet of guardian spirit (around neck)
Scrolls
 i - a scroll of amnesia {unknown}
 j - a scroll of silence {unknown}
Potions
 d - a potion of might
 g - a potion of resistance {unknown}


   Skills:
 + Level 4.0 Fighting
 + Level 2.8 Axes
 + Level 4.0 Armour
 + Level 4.0 Shields


You had one spell level left.
You didn't know any spells.
Your spell library contained the following spells:

 Spells                   Type           Power      Damage    Failure   Level
 Foxfire                  Conj/Fire      0%         2x1d4     89%         1
 Conjure Flame            Conj/Fire      0%         6-21      99%         3
 Inner Flame              Hex/Fire       0%         N/A       99%         3
 Flame Wave               Conj/Fire      0%         2d4       100%        4


Dungeon Overview and Level Annotations

Branches:
Dungeon (2/15)

Altars:

Annotations:
D:2 Terence


Innate Abilities, Weirdness & Mutations

You have a pair of horns on your head.
You reflexively headbutt those who attack you in melee.


Message History

a +0 short sword; 4 stones; a kobold corpse
Found 17 stones.
Found a stone staircase leading down.
A frilled lizard comes into view.
Found a stone staircase leading up.
The frilled lizard hisses angrily.
The frilled lizard barely misses you.
You closely miss the frilled lizard. The frilled lizard misses you.
You hit the frilled lizard.
You kill the frilled lizard!
Found 17 gold pieces.
You now have 146 gold pieces (gained 17).
Found a stone staircase leading up.
Found an orange potion.
Terence the Incautious comes into view.
He is wielding a +4 flail of draining.
Terence shouts!
Found a hand axe.
An endoplasm comes into view.
Terence hits you with a +4 flail of draining!
You feel drained.
An endoplasm comes into view.
You barely miss Terence. Terence hits you but does no damage.
You feel drained.
You hit Terence but do no damage. You headbutt Terence.
Terence is moderately wounded.
Terence hits you with a +4 flail of draining!
* * * LOW HITPOINT WARNING * * *
You feel drained.
* * * LOW HITPOINT WARNING * * *
The endoplasm jiggles.
Terence hits you but does no damage.
You feel drained.
Press: ? - help, v - describe, . - travel
Here: Terence, wielding a +4 flail of draining and wearing a +0 ring mail (moderately wounded)
The floor.
It was a potion of flight.
You feel very buoyant.
You fly up into the air.
Terence barely misses you.
It was a potion of brilliance.
You feel clever all of a sudden.
Terence hits you with a +4 flail of draining!
Ouch! That really hurt!
You die...

........
.###.#..
...####..
###.....
##.....)..
##......
###.........
........
^........#
>.......
#.....J..#
........
#.....!..#
..##.#..
####...J.# ..#
# . #.....@@.#
..####..
#.##....##
........
#.#<.#..#
..#####.
#.#.....# #.#
#. #.......#
#.#
#.#####..###.#
#.#
##........#
... #..
.....####..#
.### ###
###..# #.#...#


You could see Terence and 2 endoplasms.

Vanquished Creatures
  A worm (D:2)
  2 bats (D:1)
  An endoplasm (D:2)
  A goblin (D:1)
  2 hobgoblins (D:1)
  A quokka (D:1)
  2 ball pythons (D:1)
  5 frilled lizards
  5 kobolds
20 creatures vanquished.

Notes
Turn   | Place    | Note
-------+----------+-------------------------------------------
     0 | D:1      | chopper the Minotaur Fighter began the quest for the Orb.
     0 | D:1      | Reached XP level 1. HP: 19/19 MP: 0/0
   495 | D:1      | Reached XP level 2. HP: 27/27 MP: 1/1
  1171 | D:2      | Noticed Terence
  1178 | D:2      | Mangled by Terence

Illustrated notes

Levels and vault maps discovered:
D:1:      dpeg_arrival_short_road, layout_rooms, chequers_serial_rivers_micro_a,
          wander_ebering_terrifying_dragon_lair
D:2:      layout_loops_ring, uniq_terence

Skill      XL: |  1  2 |
---------------+-------+-----
Fighting       | 4 |  4.0
Armour         | 4 |  4.0
Shields        | 4 |  4.0
Axes           | |  2.8

Action                   || total
-------------------------++-------
Melee: War axe           ||    34
       Headbutt          ||     5
  Use: Potion            ||     2
Armor: Scale mail        ||    26
Dodge: Dodged            ||    29
Block: Buckler           ||    12

Table legend: (Time is in decaauts)
 A = Elapsed time spent in this place.
 B = Non-inter-level travel time spent in this place.
 C = Inter-level travel time spent in this place.
 D = Time resting spent in this place.
 E = Time spent auto-exploring this place.
 F = Levels seen in this place.
 G = Mean time per level.
                   A        B        C        D        E       F      G
               +--------+--------+--------+--------+--------+-----+--------+
         Total |   1192 |   1192 |      0 |    268 |      0 |   2 |  596.0 |
       Dungeon |   1192 |   1192 |      0 |    268 |      0 |   2 |  596.0 |
               +--------+--------+--------+--------+--------+-----+--------+

Top non-repeatable levels by time:
     D:1: 895 daAuts
     D:2: 296 daAuts
